 Dungeon Crawl Stone Soup version 0.24.0-1-gfbc8707122 (webtiles) character file.

Game seed: 13105344811132205721, levelgen mode: deterministic

429 Mrkan the Chopper (level 6, -7/57 HPs)
             Began as a Deep Dwarf Fighter on Oct 27, 2019.
             Mangled by an orc warrior
             ... wielding a +0 glaive
              (22 damage)
             ... on level 4 of the Dungeon.
             The game lasted 00:07:35 (2997 turns).

Mrkan the Chopper (Deep Dwarf Fighter)              Turns: 2997, Time: 00:07:36

Health: -7/57      AC: 13    Str: 21    XL:     6   Next: 66%
Magic:  5/5        EV:  5    Int:  9    God:
Gold:   196        SH: 14    Dex: 12    Spells: 5/5 levels left

rFire    . . .     SeeInvis .   a - +0 war axe
rCold    . . .     Gourm    .   r - +0 large shield
rNeg     + . .     Faith    .   c - +0 pearl dragon scales
rPois    .         Spirit   .   (no helmet)
rElec    .         Reflect  .   p - scarf {repulsion}
rCorr    .         Harm     .   (no gloves)
MR       .....                  t - +0 pair of boots (curse)
Stlth    ..........             (no amulet)
HPRegen  0.00/turn              (no ring)
MPRegen  0.09/turn              (no ring)

@: non-regenerating, repel missiles
A: damage resistance, heal wounds, sense surroundings 1, no regeneration
a: Heal Wounds


You were on level 4 of the Dungeon.
You were hungry.

You visited 1 branch of the dungeon, and saw 4 of its levels.

You collected 196 gold pieces.

Inventory:

Hand Weapons
 a - a +0 war axe (weapon)
Missiles
 j - 157 stones (quivered)
 x - 8 curare-tipped darts
Armour
 c - +0 pearl dragon scales (worn)
 k - a +2 shield
 p - a scarf of repulsion (worn)
 r - a +0 large shield (worn)
 t - a cursed +0 pair of boots (worn)
Jewellery
 h - a +4 amulet of reflection {unknown}
 w - a cursed ring of attention {unknown}
 F - a +3 ring of strength {unknown}
Wands
 A - a wand of disintegration (14)
Scrolls
 b - a scroll of magic mapping {unknown}
 g - 2 scrolls of teleportation {unknown}
 m - 4 scrolls of remove curse {unknown}
 o - a scroll of fog {unknown}
 q - a scroll of blinking {unknown}
 v - 3 scrolls of identify {unknown}
 y - a scroll of immolation {unknown}
 D - a scroll of fear {unknown}
Potions
 d - 3 potions of might
 e - 3 potions of brilliance {unknown}
 i - 2 potions of curing {unknown}
 l - a potion of degeneration {unknown}
 n - 2 potions of haste {unknown}
 s - a potion of berserk rage {unknown}
 u - a potion of lignification {unknown}
 B - 2 potions of mutation {unknown}
 C - a potion of flight {unknown}
 E - a potion of agility {unknown}
Comestibles
 f - 9 rations


   Skills:
 + Level 3.9 Fighting
 * Level 5.2 Axes
 + Level 4.7 Armour
 + Level 4.7 Shields


You had 5 spell levels left.
You didn't know any spells.
Your spell library contained the following spells:

 Spells                   Type           Power        Failure   Level  Hunger
 Sublimation of Blood     Necr           #.........   100%        2    ###....
 Ignite Poison            Fire/Tmut/Pois #.......     100%        3    ####...
 Petrify                  Tmut/Erth      #.......     100%        4    #####..
 Alistair's Intoxication  Tmut/Pois      #.......     100%        5    ######.
 Irradiate                Conj/Tmut      #.........   100%        5    ######.


Dungeon Overview and Level Annotations

Branches:
Dungeon (4/15)             Temple (0/1) D:4

Altars:
Ashenzari
Gozag

Annotations:
D:3 3 runed translucent doors, Froggeryz's ghost, amateur MiFi


Innate Abilities, Weirdness & Mutations

You are resistant to damage.
You can heal yourself by infusing magical energy.
You passively map a small area around you.
You do not regenerate.


Message History

You block the orc's attack.
The orc warrior hits you but does no damage.
Things that are here:
a +0 leather armour; an orc corpse You slash the orc!
You kill the orc!
You closely miss the orc warrior. You completely miss the orc priest.
You block the orc warrior's attack.
The orc priest hits you but does no damage.
The orc priest mumbles some strange prayers to Beogh against you.
Beogh smites you!
The orc warrior hits you with a +0 glaive!
* * * LOW HITPOINT WARNING * * *
You see here a cursed -1 trident.
You slash the orc warrior!
The orc warrior is moderately wounded.
Your shield and pearl dragon scales prevent you from hitting the orc priest.
You block the orc priest's attack.
The orc warrior hits you with a +0 glaive!!
You die...

# #.........##8..##.
#########..####..#......#
..#...#....#####.#o.8.#.#
...........<#...).o$$(...
............+....#..###..
.#+#####...##....#.## ,
......##...#####.######## *
....)...........o##.....##
................@[.........
#..........##...o##########
..#........##....##
#..........#......#
..#...##...+......#
###...##...##....##
..#...##...##....##
..#...............#
.##...##..........#


You could see an orc warrior and an orc priest.

Vanquished Creatures
  A scorpion (D:4)
  2 howler monkeys (D:4)
  A hound (D:4)
  An orc priest (D:3)
  A worker ant (D:4)
  A hound skeleton (D:3)
  9 adders
  5 worms
  A dart slug (D:1)
  2 leopard geckos
  19 orcs
  A giant cockroach (D:3)
  8 goblins
  A hobgoblin (D:1)
  8 jackals
  9 kobolds
  6 quokkas
  4 ball pythons
  8 bats
  4 frilled lizards
  7 rats
99 creatures vanquished.

Vanquished Creatures (others)
  2 fungi (D:3)
  3 plants (D:3)
5 creatures vanquished.

Grand Total: 104 creatures vanquished

Notes
Turn   | Place    | Note
-------+----------+-------------------------------------------
     0 | D:1      | Mrkan the Deep Dwarf Fighter began the quest for the Orb.
     0 | D:1      | Reached XP level 1. HP: 20/20 MP: 1/1
   135 | D:1      | Found a shattered altar of Ashenzari.
   307 | D:1      | Reached XP level 2. HP: 27/27 MP: 2/2
  1135 | D:2      | Found an opulent altar of Gozag.
  1281 | D:2      | Reached skill level 3 in Axes
  1281 | D:2      | Reached XP level 3. HP: 33/33 MP: 3/3
  1713 | D:3      | Reached XP level 4. HP: 30/42 MP: 4/4
  1860 | D:3      | Found a runed translucent gate.
  1861 | D:3      | Found a runed translucent gate.
  1861 | D:3      | Noticed Froggeryz's ghost (amateur MiFi)
  1862 | D:3      | Found a runed translucent gate.
  1867 | D:3      | Noticed a big kobold
  1980 | D:3      | Reached skill level 4 in Axes
  1980 | D:3      | Reached XP level 5. HP: 20/49 MP: 5/5
  2429 | D:4      | Found a staircase to the Ecumenical Temple.
  2641 | D:4      | Reached XP level 6. HP: 42/57 MP: 5/5
  2675 | D:4      | Reached skill level 5 in Axes
  2973 | D:4      | Noticed an orc warrior
  2997 | D:4      | Mangled by an orc warrior

Levels and vault maps discovered:
D:1:      saegor_arrival_simple_b, layout_basic, nicolae_ashenzari_panopticon
D:2:      layout_rooms, nicolae_gozag_cash_rules_everything_around_me
D:3:      layout_rooms, gammafunk_ghost_nasty_kobolds, st_stairs_3
D:4:      layout_gridville, minmay_temple_entry_slanted, first_ration,
          guppyfry_early_orc_mine

Skill      XL: |  1  2  3  4  5  6 |
---------------+-------------------+-----
Axes           | 3 4 5 |  5.2
Fighting       | 3 |  3.9
Shields        | 4 |  4.7
Armour         | 4 |  4.7

Action                   |  1- 3 |  4- 6 || total
-------------------------+-------+-------++-------
Melee: War axe           |   144 |   195 ||   339
 Abil: Heal Wounds       |     1 |     2 ||     3
  Eat: Chunk             |     3 |     4 ||     7
Armor: Scale mail        |    32 |       ||    32
       Pearl dragon scal |    33 |    84 ||   117
       Chain mail        |     1 |       ||     1
Dodge: Dodged            |    39 |    35 ||    74
       Deflected         |       |     2 ||     2
Block: Shield            |    99 |       ||    99
       Large shield      |     3 |   177 ||   180
